 Dungeon Crawl Stone Soup version 0.30.1-11-g7821555f0a (webtiles) character file.

Game seed: 6627229082661681838

93 Cheops the Cudgeller (level 4, 0/48 HPs)
             Began as an Ogre Gladiator on Dec 11, 2023.
             Succumbed to Dowan's poison
             ... on level 4 of the Dungeon.
             The game lasted 00:04:54 (3812 turns).

Cheops the Cudgeller (Ogre Gladiator)               Turns: 3812, Time: 00:04:55

Health: 0/48       AC:  3    Str: 18 (20) XL:     4   Next: 61%
Magic:  13/13      EV: 10    Int:  8 (9)  God:
Gold:   160        SH:  5    Dex: 10      Spells: 3/3 levels left

rFire   . . .        a - +0 flail
rCold   . . .        (no shield)
rNeg    . . .        b - +0 robe
rPois   .            c - +0 hat
rElec   .            (no cloak)
rCorr   .            (gloves unavailable)
SInv    .            (boots unavailable)
Will    .....        g - amulet of reflection
Stlth   +            k - ring of magical power
HPRegen 0.28/turn    (no ring)
MPRegen 0.13/turn

%: reflection
@: brilliant, lethally poisoned (0 -> -3), attractive
A: large, unfitting armour, tough skin 1
a: no special abilities


You were on level 4 of the Dungeon.
You visited 1 branch of the dungeon, and saw 4 of its levels.

You collected 160 gold pieces.

Inventory:

Hand Weapons
 a - a +0 flail (weapon)
 m - a +0 whip of flaming
Missiles
 d - 3 throwing nets
 e - a large rock (quivered)
Armour
 b - a +0 robe (worn)
 c - a +0 hat (worn)
Jewellery
 g - an amulet of reflection (around neck)
 k - a ring of magical power (left hand)
 r - a ring of wizardry
Scrolls
 f - a scroll of magic mapping {unknown}
 h - a scroll of teleportation {unknown}
 i - a scroll of enchant weapon {unknown}
 j - 4 scrolls of vulnerability {unknown}
 l - a scroll of fog {unknown}
 n - 4 scrolls of identify {unknown}
Potions
 p - a potion of curing
 q - a potion of attraction


   Skills:
 + Level 4.1 Fighting
 * Level 4.2 Maces & Flails
 - Level 2.0 Throwing
 - Level 2.6 Dodging


You had 3 spell levels left.
You didn't know any spells.
Your spell library was empty.

Dungeon Overview and Level Annotations

Branches:
Dungeon (4/15)
 Temple: D:4-7

Altars:

Shops:
D:4 [

Annotations:
D:4 Dowan, Duvessa


Innate Abilities, Weirdness & Mutations

You are too large for most types of armour.
You have tough skin. (AC +1)


Message History

Duvessa, Sister of Dowan comes into view.
She is wielding a +0 short sword and carrying a wand of light (13).
Duvessa shouts!
Dowan, Brother of Duvessa comes into view.
He is wielding a +0 dagger of venom.
There are monsters nearby!
There are monsters nearby!
There are monsters nearby!
You aren't carrying any items that you can evoke.
Unknown command.
Okay, then.
It was a potion of brilliance.
You feel clever all of a sudden.
It was a potion of attraction.
You feel attractive to monsters. Dowan is attracted toward you.
Duvessa is attracted toward you. Dowan closely misses you.
You block Duvessa's attack.
You hit Duvessa but do no damage.
Dowan hits you with a +0 dagger of venom.
You are poisoned.
Duvessa zaps a wand.
The bolt of light hits you!
You hit Duvessa.
Duvessa is lightly wounded.
You feel very sick.
Dowan hits you with a +0 dagger of venom.
* * * LOW HITPOINT WARNING * * *
Duvessa hits you with a +0 short sword!
* * * LOW HITPOINT WARNING * * *
You hit Duvessa but do no damage.
Duvessa is lightly wounded.
You feel sick. Dowan barely misses you. You block Duvessa's attack.
You hit Duvessa.
Duvessa is moderately wounded.
You feel sick.
Dowan says, "Magic and the sword, together, will defeat you."
Dowan casts a spell at Duvessa.
Duvessa seems to speed up.
You block Duvessa's attack. Dowan closely misses you.
Duvessa zaps a wand.
The bolt of light hits you!
* * * LOW HITPOINT WARNING * * *
You thump Duvessa!
Duvessa is heavily wounded.
You die...

######.#..# #.#
#.#..# #.# #.#..# #.#
######.#..# #.#
.......#..# .#
######.#..# ######.#
####
......#.....###⌠∩##
.#####.#..#.##..@.##
..........# #..ee..##
.#####.#.###...##...#
.# .#.# #..# ##..# .#
.# # #.# ###.#
.#####.#. #.# #~#.#
......... #.. ##..#
.#####... #..# ##..#
.############..##..##


You could see Duvessa (fast) and Dowan.

Vanquished Creatures
  4 adders
  3 worms
  3 ball pythons
  7 bats
  2 endoplasms (D:1)
  3 giant cockroaches
  3 goblins
  5 hobgoblins
  4 jackals (D:3)
  A quokka (D:2)
  3 frilled lizards
  6 kobolds
  2 rats
46 creatures vanquished.

Notes
Turn   | Place    | Note
-------+----------+-------------------------------------------
     0 | D:1      | Cheops the Ogre Gladiator began the quest for the Orb.
     0 | D:1      | Reached XP level 1. HP: 22/22 MP: 1/1
   269 | D:1      | Reached XP level 2. HP: 30/31 MP: 2/2
   539 | D:1      | Found a faded altar of an unknown god.
  1391 | D:2      | Reached XP level 3. HP: 36/37 MP: 3/3
  2000 | D:3      | HP: 1/37 [kobold/+0 whip (2)]
  2514 | D:3      | Reached XP level 4. HP: 41/48 MP: 4/4
  3552 | D:4      | Noticed a scorpion
  3552 | D:4      | Noticed a scorpion
  3800 | D:4      | Found John Lambton's Dragon-Slaying Spoils.
  3804 | D:4      | Noticed Duvessa
  3804 | D:4      | Noticed Dowan
  3811 | D:4      | HP: 1/48 [Duvessa/bolt of light (8)]
  3812 | D:4      | Succumbed to Dowan's poison

Illustrated notes

Levels and vault maps discovered:
D:1:      dpeg_arrival_arbitrary_c, layout_basic,
          shapermc_ecumenical_altar_mp_vishouse
D:2:      layout_basic, chequers_serial_rivers_micro_d
D:3:      layout_loops_corners, kennysheep_another_room, grunt_decor_clamped,
          chequers_serial_rivers_room_a, kennysheep_crisscross
D:4:      layout_loops_ring, marbit_many_paths, nicolae_shop_dragon_depot,
          st_stairs_2, uniq_duvessa

Skill      XL: |  1  2  3  4 |
---------------+-------------+-----
Fighting       | 3 4 |  4.1
Maces & Flails | 3 4 |  4.2
Throwing       | |  2.0
Dodging        | |  2.6

Action                     |  1- 3 |  4- 6 || total
---------------------------+-------+-------++-------
  Melee: Flail             |   133 |    61 ||   194
    Use: Potion            |     4 |     2 ||     6
   Stab: Sleeping          |     2 |       ||     2
 Armour: Robe              |    59 |    17 ||    76
  Dodge: Dodged            |    90 |    42 ||   132
  Block: Other             |       |     8 ||     8
